 Dungeon Sprint DCSS version 0.15.2 (webtiles) character file.

124 thegroundistoosoft the Covert (level 4, -5/33 HPs)
             Began as a Vampire Assassin on Nov 12, 2014.
             Slain by a deep elf priest
             ... wielding a +1 long sword of holy wrath
              (11 damage)
             ... in the Dungeon (Sprint III: "The Ten Rune Challenge").
             The game lasted 00:02:25 (2587 turns).

thegroundistoosoft the Covert (Vampire Assassin)    Turns: 2587, Time: 00:02:25

HP  -5/33        AC  3     Str 10      XL: 4   Next: 81%
MP   4/4         EV 12     Int 13      God:
Gold 0           SH  0     Dex 16      Spells:  0 memorised,  3 levels left

rFire  . . .     SeeInvis +     a - +2 dagger
rCold  + + .     Clarity  .     c - +0 robe
rNeg   + + +     rCorr    .     (no shield)
rPois  +         rRot     +     (no helmet)
rElec  .         Spirit   .     d - +0 cloak
SustAb .         Warding  .     (no gloves)
rMut   .         NoTele   +     (no boots)
Gourm  .                        (no amulet)
MR     .....                    (no ring)
                                (no ring)

@: bloodless, non-regenerating, not resistant to hostile enchantments,
extraordinarily stealthy
A: fangs 3, see invisible, unbreathing
a: Bat Form


You were in the Dungeon.
You were bloodless.

You visited 1 branch

Inventory:

Hand weapons
 a - a +2 dagger (weapon)
 b - a +0 blowgun
Missiles
 e - 8 poisoned needles
 f - 2 curare-tipped needles
Armour
 c - a +0 robe (worn)
 d - a +0 cloak (worn)
Scrolls
 m - a scroll of blinking
 n - a scroll of enchant armour {unknown}
Potions
 h - a potion of curing
 i - a potion of heal wounds
 j - a potion of haste
 k - 2 potions of magic
 l - a potion of berserk rage


   Skills:
 - Level 1.7 Fighting
 - Level 3.7 Short Blades
 - Level 1.5 Throwing
 - Level 1.1 Dodging
 + Level 14.5 Stealth


You had 3 spell levels left.
You didn't know any spells.

Dungeon Overview and Level Annotations

Branches:
Dungeon (1/1)

Altars:
Elyvilon
Zin
The Shining One


Innate Abilities, Weirdness & Mutations

You do not heal naturally.
You have razor-sharp teeth.
You have supernaturally acute eyesight.
You can survive without breathing.


Message History

There is an open door here.
The deep elf priest shouts!
The deep elf priest calls down the wrath of its god upon you.
Something smites you!
There is an open door here.
Drink which item? (? for menu, Esc to quit)
You feel much better.
The deep elf priest hits you with a runed long sword!
You convulse!
* * * LOW HITPOINT WARNING * * *
Welcome back, thegroundistoosoft the Vampire Assassin.
Press ? for a list of commands and other information.
You closely miss the deep elf priest. You miss the deep elf priest.
The deep elf priest invokes the aid of its god against you.
You barely resist. You hit the deep elf priest.
The deep elf priest is lightly wounded.
The deep elf priest hits you with a long sword of holy wrath!
You die...

▓▓▓▓ ▓▓▓ $..####
##.##### ......##
#..#___# .......#
#..#!e.# #.##...#
#..###@#+###+## #%###..#
+#..#..........#
##.##..#
#...'.⌠........#
..##..####...#...######+
..##..###....#.⌠.#
.##)..##.....#...#
##....#......#+###
##..##.#..)..#
#..#####....#


You could see a deep elf priest.

Vanquished Creatures
  A water elemental (D)
  Crazy Yiuf (D)
  A human (D)
  Jessica (D)
  An ooze (D)
  2 rats (D)
7 creatures vanquished.

Vanquished Creatures (others)
  A hydra (D)
  A yaktaur (D)
  An electric eel (D)
  3 plants (D)
6 creatures vanquished.

Grand Total: 13 creatures vanquished

Notes
Turn   | Place    | Note
--------------------------------------------------------------
     0 | D        | thegroundistoosoft, the Vampire Assassin, began the quest for the Orb.
     0 | D        | Reached XP level 1. HP: 16/16 MP: 1/1
   279 | D        | Killed a yaktaur
   390 | D        | Killed a six-headed hydra
  1591 | D        | Killed an electric eel
  2476 | D        | Reached skill level 6 in Stealth
  2483 | D        | Noticed Jessica
  2487 | D        | Killed Jessica
  2487 | D        | Reached skill level 9 in Stealth
  2487 | D        | Reached XP level 2. HP: 22/22 MP: 2/2
  2527 | D        | Noticed Crazy Yiuf
  2550 | D        | Reached skill level 10 in Stealth
  2550 | D        | Reached XP level 3. HP: 27/27 MP: 3/3
  2569 | D        | Killed Crazy Yiuf
  2569 | D        | Reached skill level 12 in Stealth
  2569 | D        | Reached XP level 4. HP: 33/33 MP: 4/4
  2574 | D        | Noticed a water elemental
  2576 | D        | Killed a water elemental
  2576 | D        | Reached skill level 14 in Stealth
  2580 | D        | Found a glowing silver altar of Zin.
  2581 | D        | Found a glowing golden altar of the Shining One.
  2581 | D        | Found a white marble altar of Elyvilon.
  2581 | D        | Noticed a deep elf priest
  2587 | D        | Slain by a deep elf priest

Action                   |  1- 3 |  4- 6 || total
-------------------------+-------+-------++-------
Melee: Dagger            |    12 |     4 ||    16
 Fire: Blowgun           |     2 |       ||     2
  Use: Potion            |       |     1 ||     1
 Stab: Sleeping          |     3 |     1 ||     4
